 Dungeon Crawl Stone Soup version 0.30-a0-715-gdb4ae3ece1 (webtiles) character file.

Game seed: 9538479435446247679

2317 mampy3000 the Cleaver (level 9, -9/78 HPs)
             Began as a Minotaur Berserker on Jan 23, 2023.
             Was an Elder of Trog.
             Mangled by Erolcha
             ... wielding a +0 giant spiked club
              (12 damage)
             ... on level 9 of the Dungeon.
             The game lasted 00:10:04 (6718 turns).

mampy3000 the Cleaver (Minotaur Berserker)          Turns: 6718, Time: 00:10:04

Health: -9/78      AC: 18    Str: 27    XL:     9   Next: 18%
Magic:  8/8        EV:  9    Int:  7    God:    Trog [****..]
Gold:   350        SH:  0    Dex: 15    Spells: 8/8 levels left

rFire   . . .      SeeInvis .    a - +0 hand axe
rCold   . . .      Faith    .    (no shield)
rNeg    . . .      Spirit   .    C - +0 plate armour
rPois   .          Reflect  .    (helmet restricted)
rElec   .          Harm     .    o - +0 cloak
rCorr   .          Rampage  .    (no gloves)
Will    .....                    (no boots) Stlth
                                 (no amulet)
HPRegen 0.33/turn                l - ring of Sunlight {AC+4 Int+3}
MPRegen 0.11/turn                s - +6 ring of strength

@: on berserk cooldown, slowed, very slow
A: horns 2, retaliatory headbutt
a: Renounce Religion, Berserk, Trog's Hand, Brothers in Arms


You were on level 9 of the Dungeon.
You worshipped Trog.
Trog was greatly pleased with you.
You visited 1 branch of the dungeon, and saw 9 of its levels.

You collected 350 gold pieces.

Inventory:

Hand Weapons
 a - a +0 hand axe (weapon)
Armour
 o - a +0 cloak (worn)
 C - a +0 plate armour (worn)
Jewellery
 k - a ring of ice
 l - the ring of Sunlight (left hand) {AC+4 Int+3}
   (You found it on level 2 of the Dungeon)

   [ring of protection]

   AC:        It affects your AC (+4).
   Int:       It affects your intelligence (+3).
 s - a +6 ring of strength (right hand)
 x - a +4 ring of protection
 I - a +4 ring of protection
 J - a ring of ice
Wands
 w - a wand of digging (7)
 y - a wand of mindburst (11)
 E - a wand of flame (21)
 G - a wand of charming (4)
 K - a wand of light (4)
Scrolls
 b - 2 scrolls of poison {unknown}
 e - a scroll of enchant armour {unknown}
 g - 3 scrolls of noise {unknown}
 j - 4 scrolls of vulnerability {unknown}
 q - 9 scrolls of identify
 r - 6 scrolls of teleportation {unknown}
 t - a scroll of blinking {unknown}
 u - 2 scrolls of fear
 v - 2 scrolls of immolation {unknown}
 D - 2 scrolls of fog {unknown}
Potions
 c - 2 potions of invisibility {unknown}
 d - 2 potions of flight {unknown}
 f - a potion of haste {unknown}
 h - 2 potions of mutation {unknown}
 i - 3 potions of heal wounds {unknown}
 m - 2 potions of brilliance {unknown}
 n - 5 potions of curing {unknown}
 p - 2 potions of degeneration {unknown}
 z - a potion of might {unknown}
 A - a potion of ambrosia {unknown}
 B - 2 potions of berserk rage {unknown}
 F - a potion of magic {unknown}
 H - a potion of lignification {unknown}


   Skills:
 + Level 6.9 Fighting
 + Level 10.4 Axes
 + Level 7.9 Armour
 + Level 4.4 Dodging
 + Level 2.1 Stealth


You had 8 spell levels left.
You didn't know any spells.
Your spell library was empty.

Dungeon Overview and Level Annotations

Branches:
Dungeon (9/15)             Temple (0/1) D:4            Lair (0/5) D:9
    Orc: D:9-12

Altars:
Gozag
Nemelex Xobeh
Sif Muna
Trog
Uskayaw
Wu Jian
Yredelemnul

Shops:
D:2 ?

Annotations:
D:9 Erolcha


Innate Abilities, Weirdness & Mutations

You have a pair of horns on your head.
You reflexively headbutt those who attack you in melee.


Message History

No target in view!
You feel a strong urge to attack something.
You feel your anger nearly subside.
You are no longer berserk.
You are exhausted.
You feel yourself slow down.
You feel yourself speed up.
Things that are here:
a +3 halberd; a +0 robe You recover from your berserk rage.
Things that are here:
a +0 falchion; a +0 robe Erolcha the Cunning comes into view.
She is wielding a +0 giant spiked club.
Found a staircase to the Lair.
Erolcha shouts!
Erolcha casts a spell.
Erolcha blinks!
Erolcha mumbles some strange words.
Erolcha flickers and vanishes!
Deactivating autopickup; reactivate with Ctrl-A.
Something hits you!!
You hit something. You hit something. You headbutt something!
Something hits you!!
You hit something. Something hits you!!
* * * LOW HITPOINT WARNING * * *
A red film seems to cover your vision as you go berserk!
You feel yourself moving faster!
You feel mighty!
You slash something! You headbutt something!
You hear some strange, mumbled words.
You feel a strong urge to attack something.
Something hits you but does no damage.
You closely miss something. You headbutt something! Something hits you!
* * * LOW HITPOINT WARNING * * *
You feel a strong urge to attack something.
You are no longer berserk.
You are exhausted.
You feel yourself slow down. Something hits you!
* * * LOW HITPOINT WARNING * * *
Something hits you!
You die...

##..## #..## #..#
#.## #.# #.# #.# #.#
. #@##### . ##{.##.#
.# ########.....##
.. ##...........##
..#####.........####
........####...##
.......## ##..#
#....### #..# #...##
#..#


There were no monsters in sight!

Vanquished Creatures
  2 water moccasins (D:6)
  2 black bears (D:5)
  An ice beast (D:8)
  2 orc warriors
  2 centaurs
  A phantom (D:6)
  2 kobold brigands
  2 necrophages (D:5)
  4 bullfrogs
  3 wights (D:9)
  5 hounds
  6 orc priests
  Jessica (D:3)
  An iguana (D:5)
  4 orc wizards
  4 gnolls (D:7)
  6 adders
  A shadow imp (D:8)
  A white imp (D:3)
  2 ufetubi
  A worm (D:2)
  A dart slug (D:1)
  31 orcs
  7 ball pythons
  7 endoplasms
  A giant cockroach (D:4)
  9 hobgoblins
  6 quokkas
  5 bats
  9 goblins
  16 kobolds
  4 rats
149 creatures vanquished.

Vanquished Creatures (others)
  A fungus (D:1)
  2 plants
3 creatures vanquished.

Grand Total: 152 creatures vanquished

Notes
Turn   | Place    | Note
-------+----------+-------------------------------------------
     0 | D:1      | mampy3000 the Minotaur Berserker began the quest for the
                  | Orb.
     0 | D:1      | Reached XP level 1. HP: 19/19 MP: 0/0
   283 | D:1      | Reached XP level 2. HP: 26/27 MP: 1/1
   299 | D:1      | Reached skill level 4 in Axes
   686 | D:1      | Found a faded altar of an unknown god.
   982 | D:2      | Reached XP level 3. HP: 28/33 MP: 2/2
  1057 | D:2      | Reached ** piety under Trog
  1108 | D:2      | Found Siqirr's Magic Scroll Shoppe.
  1378 | D:2      | Identified the ring of Sunlight {AC+4 Int+3}
  1470 | D:2      | Reached XP level 4. HP: 38/41 MP: 3/3
  1763 | D:3      | Reached skill level 5 in Axes
  1849 | D:3      | Found an opulent altar of Gozag.
  2018 | D:3      | Found a bloodstained altar of Trog.
  2158 | D:3      | Reached XP level 5. HP: 47/47 MP: 4/4
  2166 | D:3      | Noticed Jessica
  2171 | D:3      | Killed Jessica
  2236 | D:3      | Reached *** piety under Trog
  2600 | D:4      | Found a staircase to the Ecumenical Temple.
  2677 | D:4      | Found a shimmering blue altar of Sif Muna.
  2910 | D:4      | Identified the +1 helmet of Xawnak {Regen+ Dex+9}
  3183 | D:4      | Found a sparkling altar of Nemelex Xobeh.
  3331 | D:5      | Entered Level 5 of the Dungeon
  3341 | D:5      | Reached skill level 6 in Axes
  3348 | D:5      | Reached XP level 6. HP: 50/55 MP: 5/5
  3355 | D:5      | Reached skill level 5 in Fighting
  3406 | D:5      | Reached skill level 1 in Stealth
  3469 | D:5      | Reached skill level 7 in Axes
  3521 | D:5      | Reached XP level 7. HP: 38/61 MP: 6/6
  4050 | D:5      | Reached skill level 8 in Axes
  4344 | D:6      | Reached skill level 5 in Armour
  4446 | D:6      | Reached XP level 8. HP: 61/70 MP: 7/7
  4737 | D:6      | Reached **** piety under Trog
  4822 | D:6      | Reached skill level 9 in Axes
  5640 | D:7      | Found a hide-covered altar of Uskayaw.
  5945 | D:7      | Reached skill level 10 in Axes
  6091 | D:8      | Reached XP level 9. HP: 56/78 MP: 8/8
  6306 | D:8      | Found an ornate altar of the Wu Jian Council.
  6455 | D:8      | Found a basalt altar of Yredelemnul.
  6683 | D:9      | Found a staircase to the Lair.
  6683 | D:9      | Noticed Erolcha
  6717 | D:9      | HP: 3/78 [something (11)]
  6718 | D:9      | Mangled by Erolcha

Illustrated notes

Levels and vault maps discovered:
D:1:      beargit_arrival_greenhouse, layout_loops_ring,
          dreamdust_ecumenical_altar_hidden_monk_grotto
D:2:      layout_basic, serial_shops, shop
D:3:      layout_loops_ring, lemuel_coloured_pillars_altar,
          nicolae_gozag_seed_capital, uniq_jessica
D:4:      layout_basic, nicolae_sif_muna_little_library,
          nemelex_spade_bored_becter, minmay_temple_entry_arrows,
          minmay_misc_feat_columns, dk_rats_in_the_wall
D:5:      cheibrodos_thug_alley, layout_loops_ring
D:6:      layout_loops_corners
D:7:      layout_cave_pools, mainiacjoe_overflow_cross_hatched
D:8:      layout_basic, lemuel_round_altar, mainiacjoe_overflow_chevrons,
          nicolae_nh_ransacked_shop
D:9:      layout_layer_cave, lair_entry_dummy, uniq_prince_ribbit1,
          uniq_erolcha, uniq_harold

Skill      XL: |  1  2  3  4  5  6  7  8 |
---------------+-------------------------+-----
Fighting       | 4 5 6 |  6.9
Axes           | 4 5 6 7 8 10 | 10.4
Armour         | 3 4 5 7 |  7.9
Dodging        | 3 4 |  4.4
Stealth        | 1 2 |  2.1

Action                     |  1- 3 |  4- 6 |  7- 9 || total
---------------------------+-------+-------+-------++-------
  Melee: Hand axe          |    66 |   108 |   212 ||   386
         Headbutt          |     5 |    18 |    41 ||    64
         Punch             |       |       |     2 ||     2
 Invoke: Berserk           |       |       |     4 ||     4
    Use: Scroll            |       |     1 |       ||     1
   Stab: Sleeping          |       |     1 |       ||     1
 Armour: Leather armour    |    14 |    14 |       ||    28
         Animal skin       |     2 |       |       ||     2
         Scale mail        |       |    28 |    17 ||    45
         Plate armour      |       |       |   113 ||   113
  Dodge: Dodged            |    40 |    56 |    90 ||   186

Table legend: (Time is in decaauts)
 A = Elapsed time spent in this place.
 B = Non-inter-level travel time spent in this place.
 C = Inter-level travel time spent in this place.
 D = Time resting spent in this place.
 E = Time spent auto-exploring this place.
 F = Levels seen in this place.
 G = Mean time per level.
                   A        B        C        D        E       F      G
               +--------+--------+--------+--------+--------+-----+--------+
         Total |   6719 |   6390 |    329 |      0 |   5344 |   9 |  746.6 |
       Dungeon |   6719 |   6390 |    329 |      0 |   5344 |   9 |  746.6 |
               +--------+--------+--------+--------+--------+-----+--------+

Top non-repeatable levels by time:
     D:6: 1086 daAuts
     D:5: 975 daAuts
     D:1: 968 daAuts
     D:3: 842 daAuts
     D:4: 770 daAuts
     D:2: 754 daAuts
     D:7: 587 daAuts
     D:8: 552 daAuts
     D:9: 182 daAuts
